 Dungeon Crawl Stone Soup version 0.30.0 (webtiles) character file.

Game seed: 6511634715331501320

629 Zahlis the Slasher (level 7, -2/68 HPs)
             Began as a Troll Berserker on Oct 28, 2023.
             Was a Priest of Trog.
             Slain by an iguana (8 damage)
             ... on level 5 of the Dungeon on Oct 29, 2023.
             The game lasted 00:43:36 (4143 turns).

Zahlis the Slasher (Troll Berserker)                Turns: 4143, Time: 00:43:37

Health: -2/68      AC:  4    Str: 26    XL:     7   Next: 23%
Magic:  6/6        EV: 10    Int:  5    God:    Trog [***...]
Gold:   144        SH:  0    Dex:  9    Spells: 6/6 levels left

rFire   . . .        L - +2 falchion (protect)
rCold   . . .        (no shield)
rNeg    . . .        b - +0 animal skin
rPois   .            (helmet restricted)
rElec   .            (no cloak)
rCorr   .            (gloves unavailable)
SInv    .            (boots unavailable)
Will    ++...        g - amulet of faith
Stlth   +            I - ring of flight
HPRegen 2.11/turn    (no ring)
MPRegen 0.10/turn

%: faith
@: strong-willed, flying, regenerating
A: large, unfitting armour, claws 3, regeneration 1, shaggy fur 1, tough skin 1
a: Renounce Religion, Berserk, Trog's Hand


You were on level 5 of the Dungeon.
You worshipped Trog.
Trog was most pleased with you.
You visited 1 branch of the dungeon, and saw 5 of its levels.

You collected 144 gold pieces.

Inventory:

Hand Weapons
 a - a +0 falchion
 d - a +0 dagger
 f - a +0 short sword
 h - a +0 whip
 j - a +0 club
 m - a +0 whip
 n - a +0 short sword
 p - a +0 dagger
 r - a +0 mace
 u - a +0 short sword
 v - a +0 short sword
 z - a +0 dagger
 A - a +0 short sword
 B - a +0 short sword
 K - a +1 mace of draining
 L - a +2 falchion of protection (weapon)
 N - a +1 short sword of freezing
Missiles
 c - 3 poisoned darts (quivered)
 l - 47 stones
 t - 2 atropa-tipped darts
 T - 4 javelins
Armour
 b - a +0 animal skin (worn)
 s - a +0 ring mail
 w - a +0 pair of gloves
 F - a +0 leather armour
 J - a +0 robe
Magical Staves
 E - a staff of conjuration
Jewellery
 g - an amulet of faith (around neck)
 H - an amulet of faith
 I - a ring of flight (left claw)
Wands
 e - a wand of quicksilver (10)
Scrolls
 q - a scroll of noise {unknown}
 D - 2 scrolls of vulnerability {unknown}
 G - a scroll of poison
 M - 2 scrolls of teleportation {unknown}
 R - a scroll of enchant weapon {unknown}
 S - a scroll of blinking {unknown}
Potions
 i - a potion of berserk rage
 k - a potion of attraction
 o - a potion of heal wounds {unknown}
 C - a potion of mutation
 O - a potion of flight {unknown}
 P - 2 potions of resistance
 Q - a potion of lignification


   Skills:
 + Level 3.9 Fighting
 + Level 5.2 Long Blades
 + Level 4.0 Dodging
 + Level 0.4 Stealth


You had 6 spell levels left.
You didn't know any spells.
Your spell library contained the following spells:

 Spells                   Type           Power      Damage    Failure   Level
 Ignite Poison            Fire/Tmut/Pois 0%         N/A       85%         3
 Volatile Blastmotes      Fire/Tloc      0%         2d10      85%         3
 Fulminant Prism          Conj/Hex       0%         3d5       99%         4
 Iskenderun's Mystic Bla  Conj/Tloc      0%         2d3       99%         4
 Sticky Flame             Conj/Fire      0%         2d3       99%         4
 Lee's Rapid Deconstruct  Erth           0%         3d4*      100%        5
 Ignition                 Fire           0%         3d3       100%        8


Dungeon Overview and Level Annotations

Branches:
Dungeon (5/15)
 Temple: D:4-7

Altars:
Okawaru
Ru

Annotations:
D:5 Prince Ribbit


Innate Abilities, Weirdness & Mutations

You are too large for most types of armour.
You have claws for hands.
Your natural rate of healing is unusually fast.
You are covered in fur. (AC +1)
You have tough skin. (AC +1)


Message History

The iguana bites you but does no damage.
You closely miss the iguana.
The iguana is severely wounded.
The iguana bites you!
You closely miss the iguana.
The iguana is severely wounded.
The iguana bites you.
You barely miss the iguana.
The iguana is severely wounded.
The iguana bites you but does no damage.
You hit the iguana.
The iguana is almost dead.
The iguana bites you!
You hit the iguana but do no damage.
The iguana is almost dead.
The iguana barely misses you.
You slash the iguana!
You kill the iguana!
Trog accepts your kill.
Found 10 gold pieces.
Prince Ribbit comes into view.
Prince Ribbit gives a loud, deep croak!
You hear an angry hiss.
An iguana comes into view.
The iguana hisses angrily.
Prince Ribbit hits you! Prince Ribbit barely misses you. The iguana bites you!
Prince Ribbit hits you!
You miss Prince Ribbit. The iguana barely misses you. Prince Ribbit hits you!
You are too injured to fight recklessly!
Your skin crawls.
You feel strong-willed. Prince Ribbit hits you!
* * * LOW HITPOINT WARNING * * *
The iguana misses you.
The air fills with toxic fumes!
As you read the scroll labelled SUAJI UHEDATRU, it crumbles to dust.
It was a scroll of poison.
Prince Ribbit hits you!
* * * LOW HITPOINT WARNING * * *
The iguana bites you!
You die...

## .# $.# # .# #.#.
.# ##.## .# ...# .#
## #.#.##.#
######§##§##§#§#
#§§§§§§@F§§§§§§#
#§##§§l§§§###§§####
#§§####§§§.....#
#§#..##.#§§§##.#
§§§ #.#..#§§# #
.§§§ #.....§# ###
§§§. ##.#..###.....
§§§.# ##....†......
...# ##.#..########


You could see Prince Ribbit and an iguana.

Vanquished Creatures
  3 black bears
  A hound (D:4)
  A jelly (D:4)
  3 orc priests (D:3)
  An iguana (D:5)
  2 orc wizards (D:3)
  5 adders
  4 dart slugs
  7 orcs
  6 bats
  7 endoplasms
  A giant cockroach (D:4)
  6 goblins
  8 hobgoblins
  3 jackals (D:2)
  16 kobolds
  A quokka (D:1)
  5 ball pythons
  2 frilled lizards
  3 rats (D:2)
85 creatures vanquished.

Notes
Turn   | Place    | Note
-------+----------+-------------------------------------------
     0 | D:1      | Zahlis the Troll Berserker began the quest for the Orb.
     0 | D:1      | Reached XP level 1. HP: 22/22 MP: 0/0
   239 | D:1      | Reached XP level 2. HP: 29/29 MP: 1/1
  1194 | D:2      | Reached XP level 3. HP: 35/36 MP: 2/2
  1216 | D:2      | Reached ** piety under Trog
  1248 | D:2      | Reached skill level 3 in Long Blades
  2203 | D:3      | Reached XP level 4. HP: 28/44 MP: 3/3
  2245 | D:3      | Found an iron altar of Okawaru.
  2349 | D:3      | Reached XP level 5. HP: 53/53 MP: 4/4
  2524 | D:3      | Reached *** piety under Trog
  2525 | D:3      | Reached skill level 4 in Long Blades
  2575 | D:3      | Noticed a black bear
  2586 | D:3      | Killed a black bear
  2587 | D:3      | Reached XP level 6. HP: 34/61 MP: 5/5
  2694 | D:3      | Found a sacrificial altar of Ru.
  3750 | D:4      | Reached skill level 5 in Long Blades
  3750 | D:4      | Reached XP level 7. HP: 68/68 MP: 6/6
  4020 | D:5      | Entered Level 5 of the Dungeon
  4137 | D:5      | Noticed Prince Ribbit
  4143 | D:5      | Slain by an iguana

Illustrated notes

Levels and vault maps discovered:
D:1:      eino_arrival_water_star, layout_basic
D:2:      layout_loops_corners
D:3:      layout_basic, okawaru_ov_weapons_minmay, lemuel_crystal_altar,
          kennysheep_small_spiral
D:4:      layout_gridville, ebering_dispersal_statue_hall, minmay_manual_mullet
D:5:      layout_loops_ring, lemuel_crystal_altar, serial_shops,
          nicolae_take_the_stairs, hellmonk_no_cap, uniq_prince_ribbit1

Skill      XL: |  1  2  3  4  5  6 |
---------------+-------------------+-----
Long Blades    | 3 4 5 |  5.2
Dodging        | 3 4 |  4.0
Fighting       | 3 |  3.9
Stealth        | |  0.4

Action                     |  1- 3 |  4- 6 |  7- 9 || total
---------------------------+-------+-------+-------++-------
  Melee: Falchion          |   191 |   144 |    45 ||   380
         Punch             |     1 |       |     1 ||     2
 Invoke: Berserk           |       |     3 |       ||     3
         Trog's Hand       |       |       |     1 ||     1
    Use: Scroll            |       |       |     7 ||     7
   Stab: Sleeping          |     1 |       |       ||     1
 Armour: Animal skin       |    79 |   115 |    18 ||   212
  Dodge: Dodged            |   119 |   123 |    26 ||   268
